 Dungeon Crawl Stone Soup version 0.24-a0-170-gd8427f5 (webtiles) character file.

Game seed: 6023621036660642531

2881 Mgcat the Cleaver (level 9, -5/74 HPs)
             Began as a Black Draconian Berserker on Mar 9, 2019.
             Was an Elder of Trog.
             Killed from afar by Erica (24 damage)
             ... with a bolt of poison
             ... on level 8 of the Dungeon.
             The game lasted 00:17:50 (6727 turns).

Mgcat the Cleaver (Black Draconian Berserker)       Turns: 6727, Time: 00:17:50

Health: -5/74      AC:  9    Str: 24    XL:     9   Next: 48%
Magic:  9/9        EV: 14    Int:  7    God:    Trog [****..]
Gold:   248        SH:  6    Dex: 10    Spells: 8/8 levels left

rFire    + . .     SeeInvis .   a - +1 hand axe
rCold    + . .     Gourm    .   g - +2 buckler {rC+ rF+}
rNeg     . . .     Faith    .   (armour unavailable)
rPois    .         Spirit   .   (helmet restricted)
rElec    +         Reflect  .   s - scarf {repulsion}
rCorr    .         Harm     .   q - +1 pair of gloves
MR       .....                  (no boots)
Stlth    +.........             (no amulet)
HPRegen  0.22/turn              n - +1 ring of slaying
MPRegen  0.11/turn              (no ring)

@: lethally poisoned (-5 -> -11), short of breath, berserk cooldown, slowed,
repel missiles, very slow
A: breathe lightning, unfitting armour, electricity resistance, cold-blooded, AC
+7
a: Breathe Lightning, Berserk, Trog's Hand, Brothers in Arms, Renounce Religion


You were on level 8 of the Dungeon.
You worshipped Trog.
Trog was greatly pleased with you.
You were hungry.

You visited 1 branch of the dungeon, and saw 8 of its levels.

You collected 478 gold pieces.
You spent 230 gold pieces at shops.

Inventory:

Hand Weapons
 a - a +1 hand axe (weapon)
 i - a +0 war axe
   (You took it off an orc on level 3 of the Dungeon)
Armour
 g - a +2 buckler of resistance (worn)
   (You found it on level 4 of the Dungeon)
 q - a +1 pair of gloves (worn)
   (You found it on level 4 of the Dungeon)
 s - a scarf of repulsion (worn)
   (You found it on level 5 of the Dungeon)
Jewellery
 n - a +1 ring of slaying (left hand)
   (You found it on level 4 of the Dungeon)
 u - an uncursed ring of ice {rC+, rF-}
   (You found it on level 7 of the Dungeon)
Wands
 m - a wand of paralysis (15)
   (You found it on level 4 of the Dungeon)
 t - a wand of polymorph (7)
   (You found it on level 5 of the Dungeon)
 y - a wand of random effects (18)
   (You found it on level 5 of the Dungeon)
Scrolls
 h - 2 scrolls of magic mapping {!r}
 j - a scroll of blinking {!r}
 l - 2 scrolls of remove curse
 p - 9 scrolls of identify
 v - a scroll of fear {unknown}
 x - a scroll of amnesia {unknown}
Potions
 c - a potion of might {unknown}
 d - 6 potions of curing
 e - 3 potions of heal wounds {unknown}
 f - a potion of brilliance
 k - a potion of haste
 o - 2 potions of invisibility {unknown}
 w - 2 potions of ambrosia {unknown}
Comestibles
 b - 12 rations


   Skills:
 - Level 5.0 Fighting
 + Level 11.2 Axes
 - Level 5.1 Dodging
 - Level 4.1 Shields


You had 8 spell levels left.
You didn't know any spells.
Your spell library was empty.

Dungeon Overview and Level Annotations

Branches:
Dungeon (8/15)             Temple (0/1) D:5
   Lair: D:8-11

Altars:
Gozag
Makhleb
Vehumet
Zin

Shops:
D:4 !   D:5 ?   D:8 =

Annotations:
D:3 1 runed translucent door
D:4 1 runed translucent door, Lanoc's ghost, amateur DrMo
D:8 Erica


Innate Abilities, Weirdness & Mutations

You can breathe wild blasts of lightning.
Your glossy black scales are hard. (AC +7)
You cannot fit into any form of body armour.
You are resistant to electric shocks. (rElec)
You are cold-blooded and may be slowed by cold attacks.


Message History

Erica is heavily wounded.
You feel somewhat more hungry.
You hear a shout! x3
Spoiler Alert: Erica can cast Venom Bolt, IMB, go Invisible, and teleport away!
You hit Erica. You tail-slap Erica.
Erica is heavily wounded.
You closely miss Erica. You tail-slap Erica.
Erica is severely wounded.
Erica points at you and mumbles some strange words.
The bolt of poison misses you.
Spoiler Alert: Erica can cast Venom Bolt, IMB, go Invisible, and teleport away!
You slash Erica!
Erica is almost dead.
Erica points at you and mumbles some strange words.
You feel yourself slow down.
Unknown command.
Unknown command.
Spoiler Alert: Erica can cast Venom Bolt, IMB, go Invisible, and teleport away!
Unknown command.
Unknown command.
You barely miss Erica. You tail-slap Erica, but do no damage.
Erica is almost dead.
A worker ant comes into view.
Erica hits you with a +4 scimitar of flaming!
Erica burns you.
You take 11 damage, and have 63/74 hp.
Spoiler Alert: Erica can cast Venom Bolt, IMB, go Invisible, and teleport away!
Unknown command.
You barely miss Erica.
Erica is almost dead.
Erica hits you with a +4 scimitar of flaming.
You take 4 damage, and have 59/74 hp.
You hit Erica.
Erica is almost dead.
Erica casts a spell at you.
You feel as though you will be slow longer.
Spoiler Alert: Erica can cast Venom Bolt, IMB, go Invisible, and teleport away!
Unknown command.
You hit Erica but do no damage.
Your tail-slap misses Erica.
Erica is almost dead.
You closely miss the worker ant. You block the worker ant's attack.
Erica casts a spell at you. The bolt of poison misses you.
Spoiler Alert: Erica can cast Venom Bolt, IMB, go Invisible, and teleport away!
You slash Erica!
Erica is almost dead.
You hit the worker ant. The worker ant completely misses you.
Erica mumbles some strange words.
Erica flickers and vanishes!
Deactivating autopickup; reactivate with Ctrl-A.
The worker ant bites you but does no damage.
You closely miss something. You hit the worker ant. Something hits you!
Something burns you. The worker ant barely misses you.
You take 14 damage, and have 46/74 hp.
You barely miss something.
Your tail-slap misses something.
You closely miss the worker ant. The worker ant barely misses you.
You hear some strange, mumbled words.
You feel as though you will be slow longer.
Unknown command.
A red film seems to cover your vision as you go berserk!
You feel yourself moving faster!
You feel mighty!
You are feeling hungry.
The worker ant bites you but does no damage.
You hear some strange, mumbled words.
You are confused.
The worker ant waves its antennae.
The worker ant bites you but does no damage.
Something hits you!
You now have 60/111 hp.
You barely miss something.
You hit the worker ant but do no damage.
The worker ant barely misses you.
You slash the worker ant!
You kill the worker ant!
Trog accepts your kill.
You barely miss something.
You hear some strange, mumbled words.
A bolt of poison appears from out of thin air!
The bolt of poison misses you.
You're too confused to move!
Something hits you.
You take 3 damage, and have 58/111 hp.
You feel a strong urge to attack something.
You bump into the rock wall.
You feel your anger nearly subside.
You are no longer berserk.
You are exhausted.
You feel as though you will be slow longer.
Something hits you!
* * * LOW HITPOINT WARNING * * *
Something burns you.
* * * LOW HITPOINT WARNING * * *
You now have 18/74 hp.
You barely miss something.
You feel less confused.
Unknown command.
Unknown command.
You hear some strange, mumbled words.
A bolt of poison appears from out of thin air!
The bolt of poison hits you!!
You are poisoned.
You die...

.... ... ..#
..# ∩.#
###..# ..
##....#....
##<{@.......
#...........
#.........>.
#...........
##..........
##...#....#
#.###.>#.#
..# $.#..
.## .


There were no monsters in sight!

Vanquished Creatures
  Pikel (D:5)
  Prince Ribbit (D:7)
  Menkaure (D:4)
  2 sky beasts (D:5)
  A slave (D:5)
  3 ogres
  An ice beast (D:5)
  A phantom (D:5)
  2 centaurs
  A bullfrog (D:6)
  3 scorpions
  2 howler monkeys (D:7)
  3 crimson imps
  2 bullfrog zombies
  2 hounds
  A bullfrog skeleton (D:5)
  A gnoll shaman (D:7)
  3 orc priests
  4 orc wizards
  Ijyb (D:5)
  5 iguanas
  7 worker ants
  A hound zombie (D:5)
  A hound skeleton (D:7)
  Robin (D:2)
  6 gnolls
  7 adders
  A shadow imp (D:5)
  4 oozes
  2 worms
  A dart slug (D:3)
  3 leopard geckos
  18 orcs
  8 bats
  A giant cockroach (D:4)
  12 goblins
  8 hobgoblins
  8 kobolds
  5 quokkas
  2 ball pythons
  3 frilled lizards
  A leopard gecko skeleton (D:4)
  A quokka skeleton (D:4)
  A quokka zombie (D:6)
  6 rats
149 creatures vanquished.

Vanquished Creatures (others)
  A slave (D:5)
  A centaur zombie (D:5)
2 creatures vanquished.

Grand Total: 151 creatures vanquished

Notes
Turn   | Place    | Note
-------+----------+-------------------------------------------
     0 | D:1      | Mgcat the Draconian Berserker began the quest for the Orb.
     0 | D:1      | Reached XP level 1. HP: 19/19 MP: 1/1
   192 | D:1      | Reached skill level 3 in Dodging
   192 | D:1      | Reached XP level 2. HP: 15/26 MP: 2/2
   678 | D:2      | Reached XP level 3. HP: 30/33 MP: 3/3
   717 | D:2      | Noticed Robin
   775 | D:2      | Killed Robin
   775 | D:2      | Reached skill level 4 in Fighting
   781 | D:2      | HP: 6/33 [hobgoblin (4)]
  1311 | D:2      | You fall through a shaft for 2 floors!
  1338 | D:3      | HP: 7/33 [hound (3)]
  1352 | D:3      | HP: 7/49 [adder (1)]
  1352 | D:3      | HP: 3/49 [hound (4)]
  1353 | D:3      | Reached XP level 4. HP: 4/40 MP: 4/4
  1722 | D:3      | Reached ** piety under Trog
  1722 | D:3      | Reached skill level 4 in Axes
  2209 | D:3      | Reached XP level 5. HP: 47/47 MP: 5/5
  2396 | D:3      | Found a glowing silver altar of Zin.
  2396 | D:3      | Noticed an angel
  2397 | D:3      | Found a runed translucent door.
  2553 | D:3      | Reached skill level 4 in Dodging
  2666 | D:3      | Reached skill level 5 in Fighting
  2666 | D:3      | Reached XP level 6. HP: 43/56 MP: 6/6
  3179 | D:4      | Reached skill level 5 in Axes
  3415 | D:4      | Found a runed translucent door.
  3418 | D:4      | Noticed Lanoc's ghost (amateur DrMo)
  3445 | D:4      | Reached *** piety under Trog
  3530 | D:4      | Noticed Menkaure
  3541 | D:4      | Killed Menkaure
  3541 | D:4      | Reached skill level 5 in Dodging
  3541 | D:4      | Your scales start taking on a glossy black colour.
  3541 | D:4      | Reached XP level 7. HP: 61/61 MP: 7/7
  3541 | D:4      | Gained mutation: You are resistant to electric shocks.
                  | (rElec) [Black Draconian growth]
  3567 | D:4      | Found Zauhiq's Distillery.
  3572 | D:4      | Bought a potion of haste for 140 gold pieces
  3960 | D:4      | Reached skill level 6 in Axes
  4071 | D:4      | Found a radiant altar of Vehumet.
  4071 | D:4      | Found an opulent altar of Gozag.
  4129 | D:5      | Entered Level 5 of the Dungeon
  4186 | D:5      | Found a burning altar of Makhleb.
  4195 | D:5      | Reached skill level 1 in Shields
  4211 | D:5      | Noticed Pikel
  4233 | D:5      | Killed Pikel
  4233 | D:5      | Reached skill level 7 in Axes
  4233 | D:5      | Reached skill level 3 in Shields
  4233 | D:5      | Reached XP level 8. HP: 56/68 MP: 8/8
  4299 | D:5      | Reached skill level 4 in Shields
  4332 | D:5      | Reached skill level 8 in Axes
  4474 | D:5      | Noticed Ijyb
  4481 | D:5      | Killed Ijyb
  4771 | D:5      | Found Geluzav's Magic Scroll Boutique.
  4777 | D:5      | Bought a scroll of enchant armour for 90 gold pieces
  4862 | D:5      | Found a staircase to the Ecumenical Temple.
  4882 | D:5      | Reached skill level 9 in Axes
  5222 | D:6      | Received a gift from Trog
  5568 | D:6      | Reached XP level 9. HP: 71/74 MP: 9/9
  5864 | D:6      | Reached skill level 10 in Axes
  6082 | D:7      | Noticed Prince Ribbit
  6102 | D:7      | Reached **** piety under Trog
  6103 | D:7      | Killed Prince Ribbit
  6238 | D:7      | Reached skill level 11 in Axes
  6706 | D:8      | Noticed Erica
  6707 | D:8      | Found Anlexoh's Jewellery Shop.
  6725 | D:8      | HP: 18/74 [something (4)]
  6727 | D:8      | Killed from afar by Erica

Levels and vault maps discovered:
D:1:      dpeg_arrival_leaves_temple_mockup, layout_basic,
          hangedman_decor_growths
D:2:      layout_basic, first_ration, st_stairs_10, guppyfry_early_lair_pool,
          uniq_robin
D:3:      layout_loops_ring, minmay_misc_feat_ornament, chequers_jeans,
          lemuel_angel_altar
D:4:      layout_cave_pools, gammafunk_temple_overflow_pools, serial_shops,
          nicolae_shop_crystal, ebering_ghost_inner_flame, uniq_menkaure
D:5:      layout_gridville, minmay_temple_entry_glassed_door, serial_shops,
          shop_statue, bloody_makhleb, uniq_ijyb, uniq_pikel
D:6:      layout_loops_ring
D:7:      layout_basic, uniq_prince_ribbit1
D:8:      layout_rooms, serial_shops, shop_scrolls, nicolae_shop_stone, shop,
          shop, hangedman_little_slice_of_home, kennysheep_decorative_pillar,
          uniq_grum, uniq_gastronok, uniq_erica

Skill      XL: |  1  2  3  4  5  6  7  8  9 |
---------------+----------------------------+-----
Dodging        | 3 4 5 |  5.1
Fighting       | 4 5 |  5.0
Axes           | 4 5 7 9 11 | 11.2
Shields        | 3 4 |  4.1

Action                   |  1- 3 |  4- 6 |  7- 9 || total
-------------------------+-------+-------+-------++-------
Melee: Hand axe          |   114 |   146 |   144 ||   404
       Tailslap          |    15 |    21 |    56 ||    92
       Dagger            |       |       |   135 ||   135
Invok: Berserk           |       |     5 |     3 ||     8
       Trog's Hand       |       |     1 |       ||     1
 Abil: Breathe Lightning |       |       |    11 ||    11
Evoke: Wand              |       |       |     3 ||     3
  Use: Scroll            |     4 |     2 |     6 ||    12
       Potion            |     3 |       |       ||     3
 Stab: Sleeping          |       |     2 |       ||     2
       Paralysed         |       |       |     2 ||     2
  Eat: Chunk             |     1 |    11 |    16 ||    28
Armor: Skin              |    56 |    26 |    51 ||   133
Dodge: Dodged            |    79 |    79 |   127 ||   285
       Deflected         |       |       |     1 ||     1
Block: Buckler           |       |       |    54 ||    54

Table legend:
 A = Non-vault XP
 B = Vault XP
 C = Vault XP percentage of total XP
 D = Non-vault monster count
 E = Vault monster count
 F = Vault count percentage of total count
                 A         B        C        D         E       F
            +---------+---------+-------+---------+---------+-------
      Total |    2961 |    1155 |  28.1 |     128 |      20 |  13.5
            +---------+---------+-------+---------+---------+-------
        D:1 |      31 |       0 |   0.0 |       8 |       0 |   0.0
        D:2 |      35 |      41 |  53.9 |      14 |      16 |  53.3
        D:3 |     342 |       0 |   0.0 |      39 |       0 |   0.0
        D:4 |     318 |     172 |  35.1 |      16 |       1 |   5.9
        D:5 |     916 |     665 |  42.1 |      16 |       2 |  11.1
        D:6 |     535 |       0 |   0.0 |      12 |       0 |   0.0
        D:7 |     752 |     277 |  26.9 |      22 |       1 |   4.3
        D:8 |      32 |       0 |   0.0 |       1 |       0 |   0.0
            +---------+---------+-------+---------+---------+-------

Levels and vault maps discovered:
D:1:      dpeg_arrival_leaves_temple_mockup, layout_basic,
          hangedman_decor_growths
D:2:      layout_basic, first_ration, st_stairs_10, guppyfry_early_lair_pool,
          uniq_robin
D:3:      layout_loops_ring, minmay_misc_feat_ornament, chequers_jeans,
          lemuel_angel_altar
D:4:      layout_cave_pools, gammafunk_temple_overflow_pools, serial_shops,
          nicolae_shop_crystal, ebering_ghost_inner_flame, uniq_menkaure
D:5:      layout_gridville, minmay_temple_entry_glassed_door, serial_shops,
          shop_statue, bloody_makhleb, uniq_ijyb, uniq_pikel
D:6:      layout_loops_ring
D:7:      layout_basic, uniq_prince_ribbit1
D:8:      layout_rooms, serial_shops, shop_scrolls, nicolae_shop_stone, shop,
          shop, hangedman_little_slice_of_home, kennysheep_decorative_pillar,
          uniq_grum, uniq_gastronok, uniq_erica

Table legend:
 A = Turns spent in this place as a percentage of turns spent in the entire game.
 B = Non-inter-level travel turns spent in this place as a percentage of non-inter-level travel turns spent in the entire game.
 C = Inter-level travel turns spent in this place as a percentage of turns spent in this place.
 D = Turns resting spent in this place as a percentage of non-inter-level travel turns spent in this place.
 E = Turns spent auto-exploring this place as a percentage of non-inter-level travel turns spent in this place.
 F = Non-inter-level travel turns spent in this place divided by the number of levels of this place that you've seen.
                   A       B       C       D       E      F
               +-------+-------+-------+-------+-------+----------------------
         Total | 100.0 | 100.0 |   4.3 |  12.8 |  68.6 | 804.9
       Dungeon | 100.0 | 100.0 |   4.3 |  12.8 |  68.6 | 804.9
               +-------+-------+-------+-------+-------+----------------------

Table legend:
 A = Kills in this place as a percentage of kills in entire the game.
 B = Kills by you in this place as a percentage of kills by you in the entire game.
 C = Kills by friends in this place as a percentage of kills by friends in the entire game.
 D = Other kills in this place as a percentage of other kills in the entire game.
 E = Experience gained in this place as a percentage of experience gained in the entire game.
 F = Experience gained in this place divided by the number of levels of this place that you have seen.
                   A       B       C       D       E      F
               +-------+-------+-------+-------+-------+----------------------
         Total | 100.0 | 100.0 |   N/A |   N/A | 100.0 | 514.5
       Dungeon | 100.0 | 100.0 |   N/A |   N/A | 100.0 | 514.5
               +-------+-------+-------+-------+-------+----------------------
